 Dungeon Crawl Stone Soup version 0.21-a0-278-ga722497 (webtiles) character file.

21 tilp the Firebug (level 2, 11/20 HPs)
             Began as a Hill Orc Fire Elementalist on Sept 20, 2017.
             Quit the game on level 1 of the Dungeon.
             The game lasted 00:02:29 (677 turns).

tilp the Firebug (Hill Orc Fire Elementalist)        Turns: 677, Time: 00:02:30

Health: 11/20      AC:  4    Str: 10    XL:     2   Next: 87%
Magic:  4/4        EV: 12    Int: 15    God:
Gold:   34         SH:  0    Dex: 11    Spells: 3/4 levels left

rFire    . . .     SeeInvis .   n - -3 short sword (curse)
rCold    . . .     Gourm    .   (no shield)
rNeg     . . .     Faith    .   h - +0 robe
rPois    .         Spirit   .   m - +1 hat
rElec    .         Reflect  .   (no cloak)
rCorr    .         Harm     .   i - +0 pair of gloves
MR       .....                  (no boots)
Stlth    ++........             (no amulet)
HPRegen  0.06/turn              (no ring)
MPRegen  0.09/turn              (no ring)

@: no status effects
A: no striking features
a: no special abilities


You were on level 1 of the Dungeon.
You were not hungry.

You visited 1 branch of the dungeon, and saw 1 of its levels.

You collected 34 gold pieces.

Inventory:

Hand Weapons
 a - a +0 dagger
 g - a +0 hand axe
 n - a cursed -3 short sword (weapon)
Missiles
 k - 10 stones (quivered)
Armour
 h - a +0 robe (worn)
 i - a +0 pair of gloves (worn)
 m - a +1 hat (worn)
Jewellery
 j - an uncursed ring of poison resistance {unknown}
Scrolls
 o - a scroll of identify {unknown}
Potions
 d - a potion of curing {unknown}
 e - a potion of heal wounds {unknown}
Books
 b - a book of Flames

   Spells                             Type                      Level
   a - Flame Tongue                   Conjuration/Fire             1
   b - Throw Flame                    Conjuration/Fire             2
   c - Conjure Flame                  Conjuration/Fire             3
   d - Inner Flame                    Hexes/Fire                   3
   e - Sticky Flame                   Conjuration/Fire             4
   f - Fireball                       Conjuration/Fire             5
Comestibles
 c - a bread ration
 f - a royal jelly
 l - 3 chunks of flesh


   Skills:
 - Level 1.5 Dodging
 - Level 1.5 Stealth
 + Level 1.8 Spellcasting
 * Level 1.8 Conjurations
 + Level 3.8 Fire Magic


You had 3 spell levels left.
You knew the following spells:

 Your Spells              Type           Power        Failure   Level  Hunger
a - Flame Tongue          Conj/Fire      #....        7%          1    ##.....


Dungeon Overview and Level Annotations

Branches:
Dungeon (1/15)

Altars:


Message History

The kobold is severely wounded.
The kobold hits you with a dagger. The kobold barely misses you.
Throwing (i - inventory):
k - 11 stones (quivered)
Press: ? - help, Shift-Dir - straight line You throw a stone.
The stone hits the kobold.
You kill the kobold!
Unknown command.
Unknown command.
Unknown command.
You aren't wearing any rings or amulets.
Unknown command.
You start resting.
Unknown command.
Casting: Flame Tongue
Confirm with . or Enter, or press ? or * to list all spells.
You don't know that spell.
Unknown command.
Unknown command.
Are you sure you want to abandon this character and quit the game? (Confirm with "yes".)

#.......... #..........
#.......... #..........
##........# ###### #######
#.......... #..... #.....#
#.......... #.$..(##.....#
#..........
#........@...###..........
#.....#(?.....##..........
#.....##......###........#
#..... #...((.####........
#####...#.###..# #####....
###.#.###..#### #.....
#...........###...##
###.##.......##..##
#.##.......##..###


There were no monsters in sight!

Vanquished Creatures
  2 dart slugs (D:1)
  2 leopard geckos (D:1)
  A bat (D:1)
  2 goblins (D:1)
  3 hobgoblins (D:1)
  2 kobolds (D:1)
  A rat (D:1)
13 creatures vanquished.

Notes
Turn   | Place    | Note
-------+----------+-------------------------------------------
     0 | D:1      | tilp the Hill Orc Fire Elementalist began the quest for the Orb.
     0 | D:1      | Reached XP level 1. HP: 14/14 MP: 3/3
   159 | D:1      | Reached XP level 2. HP: 20/20 MP: 1/4
   677 | D:1      | Quit the game

Vault maps used:
D:1:      minmay_arrival_glassed_features

Action                   || total
-------------------------++-------
Melee: Dagger            ||    15
       Short sword       ||     7
Throw: Stone             ||     1
 Cast: Flame Tongue      ||    20
  Use: Scroll            ||     1
 Stab: Sleeping          ||     1
Armor: Robe              ||     4
Dodge: Dodged            ||    11

Table legend:
 A = Spawn XP
 B = Non-spawn XP
 C = Spawn XP percentage of total XP
 D = Spawn monster count
 E = Non-spawn monster count
 F = Spawn count percentage of total count
 G = Total turns spent on level
                    A         B        C        D         E        F      G
               +---------+---------+-------+---------+---------+-------+---------
         Total |       0 |      31 |   0.0 |       0 |      13 |   0.0 |   677
               +---------+---------+-------+---------+---------+-------+---------
           D:1 |       0 |      31 |   0.0 |       0 |      13 |   0.0 |   677
               +---------+---------+-------+---------+---------+-------+---------
